 Dungeon Crawl Stone Soup version 0.27-a0-1586-gd5c625afe7 (webtiles) character file.

Game seed: 9821888768212434029

63 Blejac999 the Ducker (level 4, -1/34 HPs)
             Began as a Djinni Gladiator on July 17, 2021.
             Slain by a hobgoblin (2 damage)
             ... led by Robin
             ... on level 3 of the Dungeon.
             The game lasted 00:04:31 (2367 turns).

Blejac999 the Ducker (Djinni Gladiator)             Turns: 2367, Time: 00:04:32

Health: -1/34      AC:  4    Str: 13 (14) XL:     4   Next: 31%
Gold:   120        EV: 12    Int:  6 (9)  God:
                   SH:  0    Dex: 12 (15)

rFire    + + .     SeeInvis .   a - +0 long sword
rCold    x . .     Faith    .   (no shield)
rNeg     . . .     Spirit   .   b - +0 leather armour
rPois    ∞         Reflect  .   c - +0 helmet
rElec    .         Harm     .   (no cloak)
rCorr    .         Rampage  .   (no gloves)
Will     .....                  (boots unavailable)
Stlth    +.........             (no amulet)
HPRegen  0.11/turn              (no ring)
MPRegen  0.00/turn              (no ring)

@: flying
A: sickness immunity, fire resistance 2, cold vulnerability 1, float, innate
caster, hp casting, extra vitality 1
a: no special abilities


You were on level 3 of the Dungeon.
You visited 1 branch of the dungeon, and saw 3 of its levels.

You collected 120 gold pieces.

Inventory:

Hand Weapons
 a - a +0 long sword (weapon)
Missiles
 d - 3 throwing nets (quivered)
Armour
 b - a +0 leather armour (worn)
 c - a +0 helmet (worn)


   Skills:
 + Level 2.5 Fighting
 + Level 3.5 Long Blades
 + Level 1.6 Throwing
 + Level 1.1 Armour
 + Level 3.6 Dodging
 + Level 0.3 Stealth


You had 2 spell levels left.
You knew the following spells:

 Your Spells              Type           Power      Damage    Failure   Level
a - Apportation           Tloc           0%         N/A       54%         1
Your spell library was empty.

Dungeon Overview and Level Annotations

Branches:
Dungeon (3/15)

Altars:
Gozag
Nemelex Xobeh

Annotations:
D:3 Robin


Innate Abilities, Weirdness & Mutations

You are immune to sickness and miasma.
You are immune to poison.
Your flesh is very heat resistant. (rF++)
You are vulnerable to cold. (rC-)
You float through the air rather than walking.
You learn spells naturally, not from books.
Your magical power is your life essence.
You have superior vitality. (+4 HP)


Message History

The goblin is moderately wounded.
The goblin barely misses you. x2; You riposte.
You hit the goblin.
The goblin is severely wounded.
Robin says, "My goblins will feast on your bones."
A hobgoblin comes into view.
Found 10 gold pieces.
The hobgoblin hits you.
Robin roars a battlecry!
The goblins go into a battle-frenzy!
The goblin hits you with a +0 dagger. 2 goblins come into view.
The goblin shouts! x2
A hobgoblin comes into view.
You slash the goblin!
You kill the goblin!
The goblin hits you but does no damage.
You hit the hobgoblin.
The hobgoblin is moderately wounded.
The goblin misses you. The hobgoblin hits you.
The hobgoblin closely misses you. The goblin hits you with a +0 dagger.
Robin roars a battlecry!
The goblins go into a battle-frenzy!
The goblin barely misses you.
You riposte.
You closely miss the goblin. The goblin hits you with a +0 dagger.
The hobgoblin hits you.
* * * LOW HITPOINT WARNING * * *
You aren't carrying any scrolls.
You feel better. The hobgoblin hits you. The goblin closely misses you.
The goblin hits you but does no damage. The goblin completely misses you.
You riposte.
You slash the goblin!
You kill the goblin!
The hobgoblin hits you but does no damage.
You slash the goblin!
You kill the goblin!
The hobgoblin hits you.
* * * LOW HITPOINT WARNING * * *
The goblin hits you but does no damage. The goblin hits you with a +0 dagger.
* * * LOW HITPOINT WARNING * * *
The hobgoblin hits you.
* * * LOW HITPOINT WARNING * * *
The hobgoblin hits you.
You die...

###############
.##.$............
........#...####
.##.###.#gg..####
#g#g.......
#g@gg....##
###gg.#####
#........
#.#####†#.#####
#.......#+##
########...##
##.....##
##.......##
..(####.........#


You could see Robin, 4 hobgoblins and 4 goblins.

Vanquished Creatures
  A worm (D:2)
  5 ball pythons
  5 endoplasms
  5 giant cockroaches
  6 goblins
  A hobgoblin (D:1)
  8 jackals
  2 quokkas
  7 bats
  4 frilled lizards
  8 kobolds
  6 rats
58 creatures vanquished.

Notes
Turn   | Place    | Note
-------+----------+-------------------------------------------
     0 | D:1      | Blejac999 the Djinni Gladiator began the quest for the Orb.
     0 | D:1      | Reached XP level 1. HP: 18/18 MP: 0/0
    96 | D:1      | Reached XP level 2. HP: 20/23 MP: 0/0
   682 | D:1      | Reached XP level 3. HP: 15/28 MP: 0/0
   682 | D:1      | Learned a level 1 spell: Apportation
  1618 | D:2      | Reached skill level 1 in Armour
  1618 | D:2      | Reached XP level 4. HP: 31/34 MP: 0/0
  1913 | D:3      | Noticed a black bear
  2213 | D:3      | Found a sparkling altar of Nemelex Xobeh.
  2214 | D:3      | Found an opulent altar of Gozag.
  2355 | D:3      | Noticed Robin
  2367 | D:3      | HP: 1/34 [hobgoblin[Robin] (2)]
  2367 | D:3      | Slain by a hobgoblin

Illustrated notes

Levels and vault maps discovered:
D:1:      lightli_arrival_statuegarden, layout_loops_ring,
          minmay_worlds_worst_comb
D:2:      layout_basic
D:3:      layout_loops_corners, grunt_temple_overflow_opulence,
          shapermc_ecumenical_altar_mp_vishouse, uniq_robin, uniq_jessica

Skill      XL: |  1  2  3 |
---------------+----------+-----
Long Blades    | 3 |  3.5
Armour         | 1 |  1.1
Fighting       | |  2.5
Throwing       | |  1.6
Dodging        | |  3.6
Stealth        | |  0.3

Action                   |  1- 3 |  4- 6 || total
-------------------------+-------+-------++-------
Melee: Long sword        |    93 |    31 ||   124
 Cast: Apportation       |       |     1 ||     1
  Use: Scroll            |     5 |       ||     5
       Potion            |     2 |     3 ||     5
Armor: Leather armour    |    38 |    18 ||    56
Dodge: Dodged            |    81 |    43 ||   124
       Rpst.: Long sword |    31 |    16 ||    47

Table legend: (Time is in decaauts)
 A = Elapsed time spent in this place.
 B = Non-inter-level travel time spent in this place.
 C = Inter-level travel time spent in this place.
 D = Time resting spent in this place.
 E = Time spent auto-exploring this place.
 F = Levels seen in this place.
 G = Mean time per level.
                   A        B        C        D        E       F      G
               +--------+--------+--------+--------+--------+-----+--------+
         Total |   2398 |   2309 |     89 |    667 |   1187 |   3 |  799.3 |
       Dungeon |   2398 |   2309 |     89 |    667 |   1187 |   3 |  799.3 |
               +--------+--------+--------+--------+--------+-----+--------+

Top non-repeatable levels by time:
     D:1: 1098 daAuts
     D:2: 859 daAuts
     D:3: 439 daAuts
